 Dungeon Crawl Stone Soup version 0.26-a0-663-g36e8fdb655 (webtiles) character file.

Game seed: 15006285912167654639

24 grandjackal the Slasher (level 2, 0/23 HPs)
             Began as a Demonspawn Gladiator on Oct 11, 2020.
             Succumbed to an adder's poison
             ... on level 2 of the Dungeon.
             The game lasted 00:00:39 (926 turns).

grandjackal the Slasher (Demonspawn Gladiator)       Turns: 926, Time: 00:00:39

Health: 0/23       AC:  4    Str: 14    XL:     2   Next: 79%
Magic:  2/2        EV: 13    Int:  5    God:
Gold:   33         SH:  0    Dex: 14    Spells: 1/1 levels left

rFire    . . .     SeeInvis .   a - +0 long sword
rCold    . . .     Faith    .   (no shield)
rNeg     . . .     Spirit   .   b - +0 leather armour
rPois    .         Reflect  .   c - +0 helmet
rElec    .         Harm     .   (no cloak)
rCorr    .         Rampage  .   (no gloves)
MR       .....                  (no boots)
Stlth    +.........             (no amulet)
HPRegen  0.07/turn              h - -4 ring of intelligence (curse)
MPRegen  0.08/turn              (no ring)

@: lethally poisoned (0 -> -13)
A: powered by death 1
a: no special abilities


You were on level 2 of the Dungeon.
You visited 1 branch of the dungeon, and saw 2 of its levels.

You collected 33 gold pieces.

Inventory:

Hand Weapons
 a - a +0 long sword (weapon)
Missiles
 d - 3 throwing nets (quivered)
Armour
 b - a +0 leather armour (worn)
 c - a +0 helmet (worn)
Jewellery
 h - a cursed -4 ring of intelligence (left hand)
Scrolls
 f - 2 scrolls of remove curse {unknown}
 g - a scroll of teleportation {unknown}
 i - a scroll of blinking {unknown}
Potions
 e - a potion of lignification {unknown}


   Skills:
 + Level 2.5 Fighting
 + Level 3.0 Long Blades
 - Level 1.7 Throwing
 + Level 3.0 Dodging


You had one spell level left.
You didn't know any spells.
Your spell library was empty.

Dungeon Overview and Level Annotations

Branches:
Dungeon (2/15)

Altars:


Innate Abilities, Weirdness & Mutations

You regenerate a little health from kills.


Message History

The adder poisons you! The adder bites you.
You are more poisoned.
The adder poisons you!
You hit the adder.
The adder is severely wounded.
You feel sick. The adder bites you.
* * * LOW HITPOINT WARNING * * *
You miss the adder.
The adder is severely wounded.
* * * LOW HITPOINT WARNING * * *
You feel sick. The adder misses you.
You riposte.
You barely miss the adder.
The adder is severely wounded.
The adder bites you.
* * * LOW HITPOINT WARNING * * *
Unknown command.
Unknown command.
You slash the adder!
You kill the adder!
Your Dodging skill increases to level 3!
You die...

#########
#.......#
#.......##..
#####......g....
........g##.....
########.# ...
#@# . #.# #.#
#.# #.#####.#
#....<..#
#########


You could see a hobgoblin.

Vanquished Creatures
  An adder (D:2)
  3 leopard geckos (D:1)
  A goblin (D:1)
  A hobgoblin (D:1)
  6 bats (D:1)
12 creatures vanquished.

Notes
Turn   | Place    | Note
-------+----------+-------------------------------------------
     0 | D:1      | grandjackal the Demonspawn Gladiator began the quest for
                  | the Orb.
     0 | D:1      | Reached XP level 1. HP: 16/16 MP: 1/1
   178 | D:1      | Gained mutation: You regenerate a little health from kills.
                  | [demonic ancestry]
   178 | D:1      | Reached XP level 2. HP: 22/22 MP: 2/2
   925 | D:2      | HP: 1/23 [adder (2)]
   926 | D:2      | Succumbed to an adder's poison

Illustrated notes

Levels and vault maps discovered:
D:1:      dpeg_arrival_arbitrary_c, layout_loops_ring, minmay_misc_feat_ornament
D:2:      minmay_inner_zag, layout_basic, lemuel_round_altar,
          minmay_heptomino_l4, uniq_terence

Skill      XL: |  1  2 |
---------------+-------+-----
Long Blades    | 3 |  3.0
Dodging        | 3 |  3.0
Fighting       | |  2.5
Throwing       | |  1.7

Action                   || total
-------------------------++-------
Melee: Long sword        ||    39
 Stab: Distracted        ||     1
Armor: Leather armour    ||    20
Dodge: Dodged            ||    36
       Rpst.: Long sword ||    10

Table legend: (Time is in decaauts)
 A = Elapsed time spent in this place.
 B = Non-inter-level travel time spent in this place.
 C = Inter-level travel time spent in this place.
 D = Time resting spent in this place.
 E = Time spent auto-exploring this place.
 F = Levels seen in this place.
 G = Mean time per level.
                   A        B        C        D        E       F      G
               +--------+--------+--------+--------+--------+-----+--------+
         Total |    935 |    888 |     47 |    158 |    634 |   2 |  467.5 |
       Dungeon |    935 |    888 |     47 |    158 |    634 |   2 |  467.5 |
               +--------+--------+--------+--------+--------+-----+--------+

Top non-repeatable levels by time:
     D:1: 908 daAuts
     D:2: 26 daAuts
